 Dungeon Crawl Stone Soup version 0.24-a0-57-gac335f2 (console) character file.

Game seed: 14126483870087207476

595 Duffy the Shield-Bearer (level 7, -1/37 HPs)
             Began as a Vine Stalker Fighter on Feb 4, 2019.
             Was an Initiate of Wu Jian.
             Killed by divine providence
             ... invoked by an orc priest
              (2 damage)
             ... on level 6 of the Dungeon.
             The game lasted 00:04:01 (4476 turns).

Duffy the Shield-Bearer (Vine Stalker Fighter)      Turns: 4476, Time: 00:04:02

Health: -1/37      AC: 10    Str: 19    XL:     7   Next: 40%
Magic:  0/8        EV:  7    Int:  8    God:    Wu Jian [......]
Gold:   233        SH: 10    Dex: 15    Spells: 6/6 levels left

rFire    . . .     SeeInvis .   a - +0 rapier
rCold    . . .     Gourm    .   c - +0 shield
rNeg     . . .     Faith    .   b - +0 scale mail
rPois    .         Spirit   +   (no helmet)
rElec    .         Reflect  .   (no cloak)
rCorr    .         Harm     .   r - +2 pair of gloves
MR       .....                  (no boots)
Stlth    ..........             (no amulet)
HPRegen  0.52/turn              (no ring)
MPRegen  0.11/turn              (no ring)

@: lethally poisoned (-1 -> -1)
A: fangs 2, regeneration 1, magic shield, antimagic bite, no potion heal 3, rot
immunity
a: Renounce Religion


You were on level 6 of the Dungeon.
You worshipped Wu Jian.
Wu Jian was noncommittal.
You were not hungry.

You visited 2 branches of the dungeon, and saw 7 of its levels.

You collected 233 gold pieces.

Inventory:

Hand Weapons
 a - a +0 rapier (weapon)
Armour
 b - a +0 scale mail (worn)
 c - a +0 shield (worn)
 r - a +2 pair of gloves (worn)
Jewellery
 t - an uncursed ring of ice
Wands
 x - a wand of flame (24)
 y - a wand of acid (11)
 z - a wand of iceblast (10)
Scrolls
 i - 4 scrolls of amnesia {unknown}
 k - 3 scrolls of teleportation
 o - 2 scrolls of identify {unknown}
 p - a scroll of random uselessness {unknown}
 q - a scroll of remove curse {unknown}
 s - a scroll of enchant weapon {unknown}
 u - a scroll of immolation {unknown}
Potions
 d - a potion of might
 e - 2 potions of lignification {unknown}
 h - a potion of mutation {unknown}
 j - a potion of cancellation {unknown}
 l - a potion of curing {unknown}
 m - a potion of ambrosia {unknown}
 n - a potion of brilliance {unknown}
 v - a potion of heal wounds {unknown}
 w - a potion of haste {unknown}
Comestibles
 f - 3 rations


   Skills:
 + Level 4.3 Fighting
 + Level 3.8 Short Blades
 + Level 3.9 Armour
 + Level 4.3 Shields
 + Level 1.3 Evocations


You had 6 spell levels left.
You didn't know any spells.
Your spell library contained the following spells:

 Spells                   Type           Power        Failure   Level  Hunger
 Summon Small Mammal      Summ           #...         99%         1    ##.....
 Call Imp                 Summ           #.......     100%        2    ###....
 Call Canine Familiar     Summ           #.......     100%        3    ####...
 Summon Guardian Golem    Hex/Summ       #.......     100%        3    ####...
 Summon Ice Beast         Ice/Summ       #.......     100%        4    #####..
 Summon Lightning Spire   Summ/Air       #.......     100%        4    #####..


Dungeon Overview and Level Annotations

Branches:
Dungeon (6/15)             Temple (1/1) D:5

Altars:
Ashenzari
Cheibriados
Dithmenos
Elyvilon
Fedhas
Gozag
Makhleb
Nemelex Xobeh
Okawaru
Ru
Sif Muna
Trog
Vehumet
Wu Jian
Yredelemnul
The Shining One

Annotations:
D:5 2 runed translucent doors, Karim's ghost, novice NaFi


Innate Abilities, Weirdness & Mutations

You have extremely sharp teeth.
Your natural rate of healing is unusually fast.
When hurt, damage is shared between your health and your magic reserves.
Your bite disrupts and absorbs the magic of your enemies.
Potions cannot restore your health.
You are immune to rotting.


Message History

The Council accepts your kill.
You barely miss the ogre. You bite the ogre, but do no damage.
You block the ogre's attack.
You completely miss the ogre. Your bite misses the ogre.
You feel sick.
The orc priest miscasts a cantrip.
The ogre hits you with a +0 giant club!
You hit the ogre but do no damage. Your bite misses the ogre.
The ogre hits you with a +0 giant club.
You hit the ogre. You bite the ogre. You drain its power.
You feel invigorated.
The ogre is moderately wounded.
The ogre barely misses you.
You hit the ogre. You bite the ogre. You drain its power.
You feel invigorated.
The ogre is heavily wounded.
You feel sick.
You puncture the ogre! You bite the ogre, but do no damage.
The ogre is severely wounded.
The ogre hits you but does no damage.
The orc priest calls down the wrath of Beogh upon you.
Beogh smites you!
You die...

######
#....# #@#
#O# #Y# # #
#o####.##
.!
#........
...
#...#####
...
#...#....
%.
#...>....
#.#........


You could see an ice beast, an ogre and an orc priest.

Vanquished Creatures
  Sigmund (D:3)
  Duvessa (D:5)
  Dowan (D:5)
  2 jellies (D:4)
  An orc priest (D:4)
  An orc wizard (D:4)
  Terence (D:2)
  2 worker ants
  4 adders
  2 adder skeletons (D:4)
  An adder zombie (D:5)
  A worm (D:3)
  A dart slug (D:5)
  3 leopard geckos
  2 orcs (D:4)
  A giant cockroach (D:4)
  3 goblins
  6 hobgoblins
  A quokka (D:4)
  A ball python (D:2)
  5 bats
  2 kobolds
  6 rats
  2 fungi (D:3)
51 creatures vanquished.

Vanquished Creatures (others)
  3 toadstools (D:3)
3 creatures vanquished.

Grand Total: 54 creatures vanquished

Notes
Turn   | Place    | Note
-------+----------+-------------------------------------------
     0 | D:1      | Duffy the Vine Stalker Fighter began the quest for the Orb.
     0 | D:1      | Reached XP level 1. HP: 11/11 MP: 2/2
   282 | D:1      | Reached XP level 2. HP: 15/16 MP: 1/3
   815 | D:2      | Found a sparkling altar of Nemelex Xobeh.
   920 | D:2      | Reached XP level 3. HP: 20/20 MP: 4/4
   927 | D:2      | Found a deep blue altar of Sif Muna.
  1127 | D:2      | Found a sacrificial altar of Ru.
  1261 | D:2      | Found a shadowy altar of Dithmenos.
  1286 | D:2      | Noticed Terence
  1706 | D:3      | Found a faded altar of an unknown god.
  2106 | D:3      | Noticed Sigmund
  2120 | D:3      | Killed Sigmund
  2120 | D:3      | Gained mutation: Your natural rate of healing is unusually
                  | fast. [Vine Stalker growth]
  2120 | D:3      | Reached XP level 4. HP: 8/25 MP: 1/5
  2120 | D:3      | Reached XP level 5. HP: 9/28 MP: 1/6
  2393 | D:4      | Reached XP level 6. HP: 30/33 MP: 7/7
  2878 | D:3      | Found a faded altar of an unknown god.
  3561 | D:3      | Found a faded altar of an unknown god.
  3761 | D:5      | Entered Level 5 of the Dungeon
  3778 | D:5      | Noticed Duvessa
  3843 | D:5      | Killed Duvessa
  3843 | D:5      | Reached XP level 7. HP: 28/37 MP: 8/8
  3856 | D:5      | Noticed Dowan
  3878 | D:5      | Killed Dowan
  3878 | D:5      | Reached skill level 1 in Evocations
  3950 | D:2      | Found a deep blue altar of Sif Muna.
  4020 | D:2      | Found a sacrificial altar of Ru.
  4235 | D:2      | Killed Terence
  4306 | D:5      | Found a staircase to the Ecumenical Temple.
  4317 | Temple   | Entered the Ecumenical Temple
  4380 | Temple   | Became a worshipper of the Wu Jian Council
  4416 | D:5      | Found a large runed translucent door.
  4416 | D:5      | Found a large runed translucent door.
  4420 | D:5      | Noticed Karim's ghost (novice NaFi)
  4473 | D:6      | HP: 1/37 [ogre/+0 giant club (4)]
  4476 | D:6      | Killed from afar by an orc priest

Vault maps used:
D:1:      dpeg_arrival_three_bigger_balls
D:2:      lemuel_doored_altar, nicolae_overflow_crystal_walls,
          nicolae_dithmenos_through_a_glass_darkly, nemelex_spade_bored_becter,
          uniq_terence
D:3:      chequers_ecumenical_altar_simple_redux, minmay_gold_behind_fungi,
          uniq_sigmund
D:4:      first_ration
D:5:      old_standard_altar, minmay_temple_entry_gardened_gates,
          ebering_ghost_disaster_area, uniq_duvessa, uniq_prince_ribbit1,
          uniq_grinder
D:6:      lemuel_crystal_altar, lemuel_crystal_altar, serial_shops, shop,
          uniq_pikel
Temple:   nicolae_temple_god_jail

Skill      XL: |  1  2  3  4  5  6  7 |
---------------+----------------------+-----
Short Blades   | 2 3 |  3.8
Fighting       | 3 4 |  4.3
Shields        | 3 4 |  4.3
Armour         | 3 |  3.9
Evocations     | 1 |  1.3

Action                   |  1- 3 |  4- 6 |  7- 9 || total
-------------------------+-------+-------+-------++-------
Melee: Rapier            |   101 |    73 |    65 ||   239
       Bite              |    32 |    33 |    23 ||    88
  Use: Scroll            |     1 |       |       ||     1
  Eat: Chunk             |     4 |     2 |     2 ||     8
       Ration            |       |     1 |       ||     1
Armor: Scale mail        |    34 |    31 |    27 ||    92
Dodge: Dodged            |    26 |    13 |    10 ||    49
Block: Shield            |    32 |    34 |    21 ||    87

Table legend:
 A = Non-vault XP
 B = Vault XP
 C = Vault XP percentage of total XP
 D = Non-vault monster count
 E = Vault monster count
 F = Vault count percentage of total count
                 A         B        C        D         E       F
            +---------+---------+-------+---------+---------+-------
      Total |     367 |     484 |  56.9 |      45 |       4 |   8.2
            +---------+---------+-------+---------+---------+-------
        D:1 |      20 |       0 |   0.0 |      12 |       0 |   0.0
        D:2 |      30 |      38 |  55.9 |      12 |       1 |   7.7
        D:3 |      36 |     223 |  86.1 |       5 |       1 |  16.7
        D:4 |     225 |       0 |   0.0 |      12 |       0 |   0.0
        D:5 |       9 |     223 |  96.1 |       2 |       2 |  50.0
        D:6 |      47 |       0 |   0.0 |       2 |       0 |   0.0
            +---------+---------+-------+---------+---------+-------
